 Dungeon Crawl Stone Soup version 0.21.0 (webtiles) character file.

132 Hekarica the Stinger (level 4, -3/33 HPs)
             Began as a Draconian Venom Mage on May 19, 2018.
             Was an Initiate of the Shining One.
             Slain by Pikel
             ... wielding a +2 whip of flaming
              (4 damage)
             ... on level 4 of the Dungeon.
             The game lasted 00:23:09 (2517 turns).

Hekarica the Stinger (Draconian Venom Mage)         Turns: 2517, Time: 00:23:10

Health: -3/33      AC:  5    Str: 10    XL:     4   Next: 92%
Magic:  8/16       EV: 12    Int: 21    God:    the Shining One [......]
Gold:   97         SH:  0    Dex: 12    Spells: 6/7 levels left

rFire    . . .     SeeInvis .   m - +0 flail
rCold    . . .     Gourm    .   (no shield)
rNeg     . . .     Faith    .   (armour unavailable)
rPois    .         Spirit   .   (helmet restricted)
rElec    .         Reflect  .   (no cloak)
rCorr    .         Harm     .   (no gloves)
MR       .....                  (no boots)
Stlth    ++........             (no amulet)
HPRegen  0.11/turn              d - ring of magical power
MPRegen  0.15/turn              o - ring of stealth

@: brilliant, flying, very slightly contaminated, glowing
A: unfitting armour, cold-blooded, AC +5
a: Renounce Religion


You were on level 4 of the Dungeon.
You worshipped the Shining One.
The Shining One was noncommittal.
You were not hungry.

You visited 1 branch of the dungeon, and saw 4 of its levels.

You collected 97 gold pieces.

Inventory:

Hand Weapons
 m - a +0 flail (weapon)
Jewellery
 d - a ring of magical power (left hand)
 o - a ring of stealth (right hand)
Scrolls
 f - a scroll of immolation
 g - 2 scrolls of magic mapping
 j - 2 scrolls of random uselessness {unknown}
 n - a scroll of blinking {unknown}
Potions
 c - a potion of curing
 e - a potion of invisibility {unknown}
 i - 2 potions of flight
 k - a potion of brilliance
 l - a potion of might {unknown}
Books
 a - a Young Poisoner's Handbook

   Spells                             Type                      Level
   a - Sting                          Conjuration/Poison           1
   b - Poisonous Vapours              Poison/Air                   2
   c - Mephitic Cloud                 Conjuration/Poison/Air       3
   d - Olgreb's Toxic Radiance        Poison                       4
   e - Venom Bolt                     Conjuration/Poison           5
Comestibles
 b - 4 rations


   Skills:
 + Level 1.7 Maces & Flails
 + Level 2.5 Dodging
 + Level 2.6 Stealth
 - Level 2.0 Spellcasting
 - Level 1.0 Conjurations
 * Level 4.3 Poison Magic


You had 6 spell levels left.
You knew the following spells:

 Your Spells              Type           Power        Failure   Level  Hunger
a - Sting                 Conj/Pois      ####         1%          1    #......


Dungeon Overview and Level Annotations

Branches:
Dungeon (4/15)
 Temple: D:4-7

Altars:
Ru
Xom
The Shining One

Annotations:
D:4 Pikel


Innate Abilities, Weirdness & Mutations

Your plain brown scales are hard. (AC +5)
You cannot fit into any form of body armour.
You are cold-blooded and may be slowed by cold attacks.


Message History

It was a potion of curing.
You feel better. Pikel hits you with a whip of flaming.
* * * LOW HITPOINT WARNING * * *
Pikel burns you.
* * * LOW HITPOINT WARNING * * *
It was a potion of brilliance.
You feel clever all of a sudden. Pikel hits you with a whip of flaming.
* * * LOW HITPOINT WARNING * * *
Pikel burns you.
* * * LOW HITPOINT WARNING * * *
Casting: Sting
Confirm with . or Enter, or press ? or * to list all spells.
Aiming: Sting
Press: ? - help, Shift-Dir - straight line, f/p - Pikel
Aim: Pikel, wielding a whip of flaming and wearing a robe (heavily wounded)
The sting hits Pikel.
Pikel appears unharmed.
Pikel is heavily wounded.
Pikel hits you with a whip of flaming.
You die...

### ### #.#####.#
#...ppp.# ##########
#p#####.#
.........####p###
#.######
..............pp#
#....p.#
########.####.#K#
######.# #....#.#@#
###'####
#######.#.#.######..pp..#
..........#.#....#p.....#
#######.###......'......#
..........#......#......#
##.....##.#..#####......#
#.##..#.<#..# #......# #
#..####..# #..........
... ...# #..........


You could see Pikel and 4 slaves.

Vanquished Creatures
  3 gnolls (D:3)
  3 adders
  A worm (D:3)
  2 dart slugs (D:2)
  2 leopard geckos (D:3)
  2 orcs (D:3)
  9 bats
  A giant cockroach (D:2)
  3 goblins
  13 hobgoblins
  2 jackals (D:2)
  2 quokkas (D:2)
  A ball python (D:1)
  9 frilled lizards
  8 kobolds
  8 rats
69 creatures vanquished.

Notes
Turn   | Place    | Note
-------+----------+-------------------------------------------
     0 | D:1      | Hekarica the Draconian Venom Mage began the quest for the Orb.
     0 | D:1      | Reached XP level 1. HP: 14/14 MP: 3/3
   333 | D:1      | Reached XP level 2. HP: 14/20 MP: 5/5
  1018 | D:2      | Reached XP level 3. HP: 24/26 MP: 6/6
  1034 | D:2      | Reached skill level 1 in Maces & Flails
  1548 | D:2      | Found a glowing golden altar of the Shining One.
  1548 | D:2      | Found a shimmering altar of Xom.
  1557 | D:2      | Became a worshipper of the Shining One
  1831 | D:3      | Reached skill level 4 in Poison Magic
  1831 | D:3      | Reached XP level 4. HP: 32/33 MP: 7/7
  1927 | D:3      | Found a sacrificial altar of Ru.
  2433 | D:4      | Noticed Pikel
  2433 | D:4      | Noticed a slave
  2433 | D:4      | Noticed a slave
  2433 | D:4      | Noticed a slave
  2433 | D:4      | Noticed a slave
  2516 | D:4      | HP: 1/33 [Pikel/whip of flaming (1)]
  2517 | D:4      | Slain by Pikel

Skill      XL: |  1  2  3 |
---------------+----------+-----
Dodging        | 2 |  2.5
Stealth        | 2 |  2.6
Maces & Flails | 1 |  1.7
Poison Magic   | 4 |  4.3
Spellcasting   | |  2.0
Conjurations   | |  1.0

Action                   |  1- 3 |  4- 6 || total
-------------------------+-------+-------++-------
Melee: Whip              |    32 |    14 ||    46
       Tailslap          |     2 |     2 ||     4
       Flail             |       |    28 ||    28
 Cast: Sting             |    98 |    59 ||   157
  Use: Potion            |       |     6 ||     6
       Scroll            |       |     3 ||     3
  Eat: Ration            |     2 |     1 ||     3
Armor: Skin              |    16 |     8 ||    24
Dodge: Dodged            |    32 |    46 ||    78
